 Dungeon Crawl Stone Soup version 0.27-a0-40-g5f2be0e231 (webtiles) character file.

Game seed: 69368220393068287

105 hehateme the Skirmisher (level 5, -5/33 HPs)
             Began as a Kobold Abyssal Knight on Jan 5, 2021.
             Was a Believer of Lugonu.
             Slain by an orc priest
             ... wielding a +0 mace
              (6 damage)
             ... on level 3 of the Dungeon.
             The game lasted 00:03:33 (4315 turns).

hehateme the Skirmisher (Kobold Abyssal Knight)     Turns: 4315, Time: 00:03:34

Health: -5/33      AC:  9    Str: 11    XL:     5   Next: 8%
Magic:  6/6        EV:  6    Int: 13    God:    Lugonu [**....]
Gold:   147        SH:  4    Dex: 14    Spells: 4/4 levels left

rFire    + . .     SeeInvis .   a - +1 hand axe
rCold    + . .     Faith    .   z - +0 buckler
rNeg     . . .     Spirit   .   y - +0 chain mail
rPois    +         Reflect  .   (no helmet)
rElec    +         Harm     .   (no cloak)
rCorr    +         Rampage  .   o - +0 pair of gloves
Will     .....                  (no boots)
Stlth    ..........             (no amulet)
HPRegen  0.11/turn              (no ring)
MPRegen  0.10/turn              (no ring)

@: resistant, attractive
A: small, nightstalker 3
a: Renounce Religion, Depart the Abyss, Bend Space


You were on level 3 of the Dungeon.
You worshipped Lugonu.
Lugonu was pleased with you.
You visited 1 branch of the dungeon, and saw 3 of its levels.
You visited the Abyss 1 time.

You collected 147 gold pieces.

Inventory:

Hand Weapons
 a - a +1 hand axe (weapon)
Missiles
 n - 2 throwing nets {=f}
 p - 77 stones (quivered)
 v - 2 boomerangs
 A - 3 boomerangs of dispersal {=f}
 B - 32 arrows
 E - a poisoned dart
 Q - 23 bolts
Armour
 b - a +0 leather armour
 e - a +0 ring mail
 o - a +0 pair of gloves (worn)
 y - a +0 chain mail (worn)
 z - a +0 buckler (worn)
Jewellery
 d - an uncursed amulet of faith {unknown}
 h - an uncursed amulet of reflection {unknown}
 u - an uncursed ring of ice {unknown}
 x - an uncursed ring of see invisible {unknown}
Scrolls
 c - 4 scrolls of identify {unknown}
 f - a scroll of teleportation {unknown}
 j - a scroll of amnesia {unknown}
 k - a scroll of enchant armour {unknown}
 l - 2 scrolls of remove curse {unknown}
 m - a scroll of enchant weapon {unknown}
 t - a scroll of noise {unknown}
 D - a scroll of immolation {unknown}
 F - a scroll of blinking {unknown}
Potions
 g - 3 potions of lignification {unknown}
 q - a potion of curing {unknown}
 s - a potion of magic {unknown}
 w - 2 potions of might {unknown}
 C - 2 potions of heal wounds {unknown}


   Skills:
 + Level 4.2 Fighting
 * Level 3.4 Axes
 - Level 0.7 Armour
 - Level 2.4 Dodging
 - Level 2.0 Invocations


You had 4 spell levels left.
You didn't know any spells.
Your spell library was empty.

Dungeon Overview and Level Annotations

Branches:
Dungeon (3/15)

Altars:
Hepliaklqana
Trog


Innate Abilities, Weirdness & Mutations

You are small and have problems with some larger weapons.
You are completely attuned to the shadows.


Message History

The orc priest calls down the wrath of Beogh upon you.
Pain shoots through your body!
* * * LOW HITPOINT WARNING * * *
You take 1 damage, and have 14/33 hp.
You closely miss the orc priest. The orc priest hits you with a +0 mace.
* * * LOW HITPOINT WARNING * * *
You take 3 damage, and have 11/33 hp.
You hit the orc priest.
The orc priest invokes the aid of Beogh against you.
Pain shoots through your body!
* * * LOW HITPOINT WARNING * * *
You take 10 damage, and have 1/33 hp.
GAME OVER YEAH!!
It was a potion of resistance.
You feel protected. The orc priest barely misses you.
It was a potion of attraction.
You feel attractive to monsters. The orc priest hits you with a +0 mace.
You die...

####..#..#####...########...###.#
# ##....######### ##.####.# #
##.#.........# #.###... #
#.#.#######.# #.##.#.# # #.#.#
#.# #....... #.#.# #.# ####.#>#
#.#.# #.# ##... #.# #.# ##†# #@#
#.# #o# #.# #(# #.# #(# ##.# #.#
#..# #.## #.# #.# #.#

Skill      XL: |  1  2  3  4 |
---------------+-------------+-----
Axes           | 2 3 |  3.4
Fighting       | 4 |  4.2
Armour         | |  0.7
Dodging        | |  2.4
Invocations    | |  2.0

Notes
Turn   | Place    | Note
-------+----------+-------------------------------------------
     0 | Abyss:1  | hehateme the Kobold Abyssal Knight began the quest for the
                  | Orb.
     0 | Abyss:1  | Reached XP level 1. HP: 14/14 MP: 2/2
   129 | Abyss:1  | Noticed a large abomination
   130 | D:1      | Escaped the Abyss
   556 | D:1      | Reached skill level 2 in Axes
   556 | D:1      | Reached XP level 2. HP: 19/19 MP: 3/3
   755 | D:1      | Reached * piety under Lugonu
  1179 | D:1      | Reached XP level 3. HP: 17/24 MP: 4/4
  2016 | D:2      | Reached XP level 4. HP: 20/29 MP: 5/5
  2243 | D:2      | Found a bloodstained altar of Trog.
  2354 | D:2      | Reached skill level 4 in Fighting
  2471 | D:2      | Found a hazy altar of Hepliaklqana.
  2601 | D:3      | Reached skill level 3 in Axes
  3643 | D:3      | Reached ** piety under Lugonu
  3741 | D:3      | Reached XP level 5. HP: 33/33 MP: 6/6
  4313 | D:3      | HP: 1/33 [orc priest/nerve-wracking pain (10)]
  4315 | D:3      | Slain by an orc priest

Table legend: (Time is in decaauts)
 A = Elapsed time spent in this place.
 B = Non-inter-level travel time spent in this place.
 C = Inter-level travel time spent in this place.
 D = Time resting spent in this place.
 E = Time spent auto-exploring this place.
 F = Levels seen in this place.
 G = Mean time per level.
                   A        B        C        D        E       F      G
               +--------+--------+--------+--------+--------+-----+--------+
         Total |   4362 |   4278 |     84 |   1184 |   2510 |   4 | 1090.5 |
       Dungeon |   4232 |   4148 |     84 |   1184 |   2382 |   3 | 1410.7 |
         Abyss |    130 |    130 |      0 |      0 |    128 |   1 |  130.0 |
               +--------+--------+--------+--------+--------+-----+--------+

Top non-repeatable levels by time:
     D:1: 1641 daAuts
     D:3: 1603 daAuts
     D:2: 987 daAuts
 Abyss:1: 130 daAuts

Table legend:
 A = Kills in this place as a percentage of kills in entire the game.
 B = Kills by you in this place as a percentage of kills by you in the entire game.
 C = Kills by friends in this place as a percentage of kills by friends in the entire game.
 D = Other kills in this place as a percentage of other kills in the entire game.
 E = Experience gained in this place as a percentage of experience gained in the entire game.
 F = Experience gained in this place divided by the number of levels of this place that you have seen.
                   A       B       C       D       E      F
               +-------+-------+-------+-------+-------+----------------------
         Total | 100.0 | 100.0 |   N/A |   N/A | 100.0 |  37.5
       Dungeon | 100.0 | 100.0 |   N/A |   N/A | 100.0 |  50.0
               +-------+-------+-------+-------+-------+----------------------

Action                   |  1- 3 |  4- 6 || total
-------------------------+-------+-------++-------
Melee: Hand axe          |   108 |   111 ||   219
Throw: Stone             |    15 |    49 ||    64
Invok: Depart the Abyss  |     1 |       ||     1
  Use: Potion            |       |     2 ||     2
 Stab: Sleeping          |     5 |       ||     5
Armor: Ring mail         |    38 |    16 ||    54
       Chain mail        |       |    17 ||    17
Dodge: Dodged            |    93 |    48 ||   141
Block: Buckler           |       |     4 ||     4

Vanquished Creatures
  An adder (D:2)
  An ooze (D:1)
  A worm (D:3)
  2 dart slugs
  5 leopard geckos
  6 orcs
  A ball python (D:3)
  7 goblins
  7 hobgoblins
  9 jackals
  2 quokkas
  7 bats
  2 frilled lizards (D:1)
  7 kobolds
  8 rats
66 creatures vanquished. You could see an orc priest.

Levels and vault maps discovered:
D:1:      scummos_arrival_simple_fountains, layout_loops_corners,
          corexii_corridor_pit
D:2:      layout_basic, nzn_hepliaklqana_mist_gate,
          nicolae_overflow_crystal_walls, serial_park_tiny_1
D:3:      layout_loops_ring, uniq_crazy_yiuf_cottage
